Unix NetHack Version 3.7.0-62 Work-in-progress - last build Sep 11 2022 12:50:24 (50a4e0875b74f16bdbec0d79e29a59bb940978ed,branch:master).

Game began 2022-09-14 18:48:31, ended 2022-09-18 13:28:49.

spontiff, neutral male gnomish Healer

  
unexplored area
stone
}shallow sea
}shallow sea
}shallow sea
}shallow sea
}shallow sea
}shallow sea
}shallow sea
}shallow sea
}shallow sea
}shallow sea
}shallow sea
}shallow sea
}shallow sea
}shallow sea
}shallow sea
}shallow sea
}shallow sea
}shallow sea
}shallow sea
}shallow sea
}shallow sea
}shallow sea
}shallow sea
}shallow sea
}shallow sea
}shallow sea
}shallow sea
}shallow sea
}shallow sea
}shallow sea
}shallow sea
}shallow sea
}shallow sea
}shallow sea
}shallow sea
}shallow sea
}shallow sea
}shallow sea
}shallow sea
}shallow sea
}shallow sea
}shallow sea
}shallow sea
}shallow sea
}shallow sea
}shallow sea
}shallow sea
}shallow sea
}shallow sea
}shallow sea
}shallow sea
}shallow sea
}shallow sea
}shallow sea
}shallow sea
}shallow sea
}shallow sea
}shallow sea
}shallow sea
}shallow sea
}shallow sea
}shallow sea
}shallow sea
}shallow sea
}shallow sea
}shallow sea
}shallow sea
}shallow sea
}shallow sea
}shallow sea
}shallow sea
}shallow sea
}shallow sea
}shallow sea
}shallow sea
}shallow sea
unexplored area
unexplored area
stone
}shallow sea
}shallow sea
}shallow sea
}shallow sea
}shallow sea
}shallow sea
}shallow sea
}shallow sea
}shallow sea
}shallow sea
}shallow sea
}shallow sea
}shallow sea
}shallow sea
}shallow sea
}shallow sea
}shallow sea
}shallow sea
}shallow sea
}shallow sea
}shallow sea
}shallow sea
}shallow sea
}shallow sea
}shallow sea
}shallow sea
}shallow sea
}shallow sea
}shallow sea
}shallow sea
}shallow sea
}shallow sea
}shallow sea
}shallow sea
}shallow sea
}shallow sea
}shallow sea
.dark part of a room
}shallow sea
}shallow sea
}shallow sea
}shallow sea
}shallow sea
}shallow sea
*61 rocks
.dark part of a room
.dark part of a room
.dark part of a room
}shallow sea
}shallow sea
}shallow sea
}shallow sea
}shallow sea
}shallow sea
}shallow sea
}shallow sea
}shallow sea
}shallow sea
}shallow sea
}shallow sea
}shallow sea
}shallow sea
}shallow sea
}shallow sea
}shallow sea
}shallow sea
}shallow sea
.dark part of a room
.dark part of a room
.dark part of a room
}shallow sea
}shallow sea
}shallow sea
}shallow sea
}shallow sea
}shallow sea
unexplored area
unexplored area
stone
}shallow sea
}shallow sea
}shallow sea
}shallow sea
}shallow sea
}shallow sea
}shallow sea
}shallow sea
}shallow sea
.dark part of a room
.dark part of a room
.dark part of a room
}shallow sea
}shallow sea
}shallow sea
}shallow sea
}shallow sea
}shallow sea
}shallow sea
}shallow sea
}shallow sea
}shallow sea
}shallow sea
}shallow sea
}shallow sea
}shallow sea
}shallow sea
}shallow sea
}shallow sea
}shallow sea
}shallow sea
}shallow sea
}shallow sea
}shallow sea
}shallow sea
.dark part of a room
.dark part of a room
.dark part of a room
}shallow sea
}shallow sea
}shallow sea
}shallow sea
}shallow sea
}shallow sea
}shallow sea
.dark part of a room
.dark part of a room
.dark part of a room
.dark part of a room
}shallow sea
}shallow sea
}shallow sea
}shallow sea
}shallow sea
}shallow sea
}shallow sea
.dark part of a room
}shallow sea
}shallow sea
}shallow sea
.dark part of a room
.dark part of a room
}shallow sea
}shallow sea
}shallow sea
.dark part of a room
.dark part of a room
.dark part of a room
}shallow sea
}shallow sea
}shallow sea
}shallow sea
}shallow sea
}shallow sea
}shallow sea
}shallow sea
unexplored area
unexplored area
stone
}shallow sea
}shallow sea
}shallow sea
}shallow sea
}shallow sea
}shallow sea
}shallow sea
}shallow sea
}shallow sea
}shallow sea
.dark part of a room
.dark part of a room
}shallow sea
}shallow sea
}shallow sea
}shallow sea
}shallow sea
}shallow sea
}shallow sea
}shallow sea
}shallow sea
}shallow sea
.dark part of a room
}shallow sea
}shallow sea
}shallow sea
}shallow sea
}shallow sea
}shallow sea
}shallow sea
}shallow sea
}shallow sea
}shallow sea
wall
.dark part of a room
.dark part of a room
wall
wall
.dark part of a room
}shallow sea
}shallow sea
}shallow sea
}shallow sea
}shallow sea
}shallow sea
}shallow sea
}shallow sea
.dark part of a room
.dark part of a room
}shallow sea
}shallow sea
}shallow sea
}shallow sea
}shallow sea
}shallow sea
.dark part of a room
.dark part of a room
#tree
.dark part of a room
.dark part of a room
.dark part of a room
}shallow sea
}shallow sea
}shallow sea
.dark part of a room
%a black naga hatchling corpse
}shallow sea
}shallow sea
}shallow sea
}shallow sea
}shallow sea
}shallow sea
}shallow sea
}shallow sea
}shallow sea
}shallow sea
unexplored area
unexplored area
stone
}shallow sea
}shallow sea
}shallow sea
}shallow sea
}shallow sea
}shallow sea
}shallow sea
}shallow sea
}shallow sea
}shallow sea
.dark part of a room
"web
.dark part of a room
.dark part of a room
}shallow sea
}shallow sea
}shallow sea
}shallow sea
.dark part of a room
.dark part of a room
.dark part of a room
}shallow sea
.dark part of a room
"web
.dark part of a room
}shallow sea
}shallow sea
}shallow sea
}shallow sea
}shallow sea
.dark part of a room
.dark part of a room
.dark part of a room
.dark part of a room
%a snake corpse
.dark part of a room
.dark part of a room
wall
.dark part of a room
}shallow sea
}shallow sea
}shallow sea
}shallow sea
}shallow sea
}shallow sea
}shallow sea
}shallow sea
}shallow sea
}shallow sea
}shallow sea
}shallow sea
}shallow sea
}shallow sea
.dark part of a room
.dark part of a room
.dark part of a room
.dark part of a room
.dark part of a room
.dark part of a room
.dark part of a room
}shallow sea
}shallow sea
}shallow sea
}shallow sea
}shallow sea
}shallow sea
}shallow sea
}shallow sea
}shallow sea
.dark part of a room
.dark part of a room
.dark part of a room
}shallow sea
}shallow sea
}shallow sea
}shallow sea
unexplored area
unexplored area
stone
}shallow sea
}shallow sea
}shallow sea
}shallow sea
}shallow sea
}shallow sea
}shallow sea
}shallow sea
}shallow sea
.dark part of a room
.dark part of a room
.dark part of a room
.dark part of a room
.dark part of a room
.dark part of a room
%a black naga hatchling corpse
*48 rocks
.dark part of a room
.dark part of a room
.dark part of a room
%a baby yellow dragon corpse
.dark part of a room
.dark part of a room
#tree
.dark part of a room
%a giant spider corpse
.dark part of a room
}shallow sea
}shallow sea
}shallow sea
}shallow sea
}shallow sea
.dark part of a room
wall
.dark part of a room
.dark part of a room
*17 rocks
.dark part of a room
.dark part of a room
.dark part of a room
.dark part of a room
}shallow sea
}shallow sea
}shallow sea
}shallow sea
}shallow sea
}shallow sea
}shallow sea
}shallow sea
}shallow sea
}shallow sea
}shallow sea
}shallow sea
}shallow sea
}shallow sea
.dark part of a room
.dark part of a room
}shallow sea
.dark part of a room
.dark part of a room
.dark part of a room
}shallow sea
.dark part of a room
}shallow sea
}shallow sea
}shallow sea
}shallow sea
.dark part of a room
.dark part of a room
.dark part of a room
.dark part of a room
}shallow sea
}shallow sea
}shallow sea
}shallow sea
}shallow sea
unexplored area
unexplored area
stone
}shallow sea
}shallow sea
}shallow sea
}shallow sea
}shallow sea
}shallow sea
}shallow sea
}shallow sea
wall
wall
wall
wall
wall
wall
wall
wall
wall
wall
#iron bars
wall
%a baby yellow dragon corpse
.dark part of a room
.dark part of a room
.dark part of a room
}shallow sea
}shallow sea
}shallow sea
}shallow sea
}shallow sea
}shallow sea
}shallow sea
}shallow sea
}shallow sea
wall
.dark part of a room
.dark part of a room
.dark part of a room
wall
}shallow sea
}shallow sea
}shallow sea
}shallow sea
}shallow sea
}shallow sea
}shallow sea
}shallow sea
}shallow sea
}shallow sea
}shallow sea
}shallow sea
.dark part of a room
.dark part of a room
.dark part of a room
}shallow sea
}shallow sea
}shallow sea
}shallow sea
}shallow sea
}shallow sea
.dark part of a room
.dark part of a room
.dark part of a room
}shallow sea
}shallow sea
}shallow sea
}shallow sea
}shallow sea
}shallow sea
.dark part of a room
.dark part of a room
}shallow sea
}shallow sea
}shallow sea
}shallow sea
}shallow sea
}shallow sea
unexplored area
unexplored area
stone
}shallow sea
}shallow sea
}shallow sea
}shallow sea
}shallow sea
}shallow sea
*45 rocks
.dark part of a room
wall
%a black naga corpse
.floor of a room
.floor of a room
#iron bars
.dark part of a room
.dark part of a room
.dark part of a room
.dark part of a room
.dark part of a room
.dark part of a room
wall
.dark part of a room
.dark part of a room
*some stones
}shallow sea
}shallow sea
}shallow sea
}shallow sea
}shallow sea
}shallow sea
}shallow sea
}shallow sea
}shallow sea
}shallow sea
.dark part of a room
.dark part of a room
wall
wall
wall
}shallow sea
}shallow sea
}shallow sea
}shallow sea
}shallow sea
}shallow sea
}shallow sea
}shallow sea
}shallow sea
}shallow sea
wall
wall
.dark part of a room
wall
}shallow sea
}shallow sea
}shallow sea
}shallow sea
}shallow sea
.dark part of a room
.dark part of a room
.dark part of a room
.dark part of a room
}shallow sea
}shallow sea
}shallow sea
}shallow sea
}shallow sea
}shallow sea
.dark part of a room
.dark part of a room
.dark part of a room
.dark part of a room
}shallow sea
}shallow sea
}shallow sea
}shallow sea
}shallow sea
unexplored area
unexplored area
stone
}shallow sea
}shallow sea
}shallow sea
}shallow sea
.dark part of a room
.dark part of a room
.dark part of a room
.dark part of a room
-open door
.dark part of a room
.floor of a room
%a black naga hatchling corpse
wall
unexplored area
unexplored area
fountain
.dark part of a room
.dark part of a room
.dark part of a room
wall
.dark part of a room
}shallow sea
}shallow sea
}shallow sea
}shallow sea
}shallow sea
}shallow sea
}shallow sea
}shallow sea
}shallow sea
}shallow sea
}shallow sea
}shallow sea
}shallow sea
}shallow sea
}shallow sea
}shallow sea
}shallow sea
}shallow sea
}shallow sea
}shallow sea
}shallow sea
}shallow sea
}shallow sea
}shallow sea
}shallow sea
}shallow sea
.dark part of a room
wall
.dark part of a room
.dark part of a room
wall
}shallow sea
}shallow sea
}shallow sea
}shallow sea
}shallow sea
}shallow sea
}shallow sea
.dark part of a room
.dark part of a room
.dark part of a room
.dark part of a room
.dark part of a room
.dark part of a room
}shallow sea
}shallow sea
}shallow sea
}shallow sea
.dark part of a room
.dark part of a room
.dark part of a room
}shallow sea
}shallow sea
}shallow sea
}shallow sea
unexplored area
unexplored area
stone
}shallow sea
}shallow sea
.dark part of a room
.dark part of a room
.dark part of a room
.dark part of a room
*46 rocks
.dark part of a room
wall
.dark part of a room
.floor of a room
.dark part of a room
wall
unexplored area
.dark part of a room
.dark part of a room
.dark part of a room
.dark part of a room
.dark part of a room
wall
}shallow sea
}shallow sea
}shallow sea
}shallow sea
}shallow sea
.dark part of a room
}shallow sea
}shallow sea
}shallow sea
}shallow sea
}shallow sea
}shallow sea
}shallow sea
}shallow sea
}shallow sea
.dark part of a room
.dark part of a room
.dark part of a room
.dark part of a room
}shallow sea
}shallow sea
}shallow sea
}shallow sea
}shallow sea
}shallow sea
}shallow sea
.dark part of a room
.dark part of a room
.dark part of a room
.dark part of a room
.dark part of a room
wall
}shallow sea
}shallow sea
}shallow sea
}shallow sea
}shallow sea
}shallow sea
}shallow sea
}shallow sea
}shallow sea
.dark part of a room
}shallow sea
}shallow sea
}shallow sea
}shallow sea
}shallow sea
}shallow sea
}shallow sea
}shallow sea
}shallow sea
}shallow sea
}shallow sea
}shallow sea
}shallow sea
}shallow sea
unexplored area
unexplored area
stone
}shallow sea
}shallow sea
wall
wall
+closed door
wall
wall
#iron bars
wall
wall
|open door
wall
wall
.dark part of a room
.dark part of a room
.dark part of a room
.dark part of a room
wall
#iron bars
wall
wall
wall
.dark part of a room
.dark part of a room
.dark part of a room
.dark part of a room
}shallow sea
}shallow sea
}shallow sea
}shallow sea
}shallow sea
}shallow sea
}shallow sea
}shallow sea
}shallow sea
}shallow sea
.dark part of a room
#tree
.dark part of a room
.dark part of a room
.dark part of a room
}shallow sea
}shallow sea
}shallow sea
}shallow sea
.dark part of a room
.dark part of a room
.dark part of a room
.dark part of a room
wall
wall
wall
}shallow sea
}shallow sea
}shallow sea
}shallow sea
}shallow sea
}shallow sea
}shallow sea
}shallow sea
}shallow sea
}shallow sea
}shallow sea
}shallow sea
}shallow sea
}shallow sea
}shallow sea
}shallow sea
}shallow sea
}shallow sea
}shallow sea
}shallow sea
}shallow sea
}shallow sea
}shallow sea
}shallow sea
unexplored area
unexplored area
stone
}shallow sea
}shallow sea
wall
.floor of a room
.floor of a room
.floor of a room
}shallow sea
}shallow sea
wall
.floor of a room
Ttame water troll
.floor of a room
wall
.dark part of a room
.dark part of a room
@a statue of a tourist named ansic
+a spellbook
wall
}shallow sea
unexplored area
unexplored area
wall
}shallow sea
.dark part of a room
.dark part of a room
.dark part of a room
.dark part of a room
}shallow sea
}shallow sea
}shallow sea
}shallow sea
}shallow sea
}shallow sea
.dark part of a room
.dark part of a room
.dark part of a room
.dark part of a room
}shallow sea
}shallow sea
}shallow sea
.dark part of a room
.dark part of a room
.dark part of a room
}shallow sea
}shallow sea
}shallow sea
}shallow sea
}shallow sea
.dark part of a room
.dark part of a room
.dark part of a room
}shallow sea
}shallow sea
}shallow sea
}shallow sea
}shallow sea
}shallow sea
}shallow sea
}shallow sea
}shallow sea
}shallow sea
}shallow sea
}shallow sea
}shallow sea
}shallow sea
}shallow sea
}shallow sea
}shallow sea
.dark part of a room
.dark part of a room
.dark part of a room
.dark part of a room
.dark part of a room
}shallow sea
}shallow sea
}shallow sea
unexplored area
unexplored area
stone
}shallow sea
unexplored area
wall
.floor of a room
@a statue of Medusa
Ha statue of a hill giant
}shallow sea
}shallow sea
#iron bars
.floor of a room
@gnomish healer called spontiff
.floor of a room
+closed door
.dark part of a room
.dark part of a room
.dark part of a room
.dark part of a room
#iron bars
}shallow sea
}shallow sea
}shallow sea
}shallow sea
}shallow sea
}shallow sea
}shallow sea
.dark part of a room
.dark part of a room
}shallow sea
}shallow sea
}shallow sea
}shallow sea
}shallow sea
}shallow sea
}shallow sea
}shallow sea
}shallow sea
}shallow sea
}shallow sea
}shallow sea
}shallow sea
}shallow sea
.dark part of a room
.dark part of a room
.dark part of a room
}shallow sea
}shallow sea
}shallow sea
}shallow sea
}shallow sea
}shallow sea
}shallow sea
}shallow sea
}shallow sea
}shallow sea
}shallow sea
}shallow sea
}shallow sea
}shallow sea
}shallow sea
}shallow sea
}shallow sea
}shallow sea
}shallow sea
}shallow sea
}shallow sea
}shallow sea
.dark part of a room
.dark part of a room
.dark part of a room
.dark part of a room
}shallow sea
}shallow sea
.dark part of a room
.dark part of a room
}shallow sea
}shallow sea
unexplored area
unexplored area
stone
}shallow sea
unexplored area
wall
.floor of a room
.floor of a room
.floor of a room
}shallow sea
}shallow sea
wall
.floor of a room
.floor of a room
.floor of a room
wall
.dark part of a room
.dark part of a room
.dark part of a room
unexplored area
wall
}shallow sea
}shallow sea
unexplored area
wall
}shallow sea
}shallow sea
}shallow sea
}shallow sea
}shallow sea
}shallow sea
}shallow sea
.dark part of a room
.dark part of a room
}shallow sea
}shallow sea
}shallow sea
}shallow sea
}shallow sea
}shallow sea
}shallow sea
}shallow sea
}shallow sea
}shallow sea
}shallow sea
}shallow sea
}shallow sea
}shallow sea
}shallow sea
}shallow sea
}shallow sea
}shallow sea
}shallow sea
}shallow sea
.dark part of a room
.dark part of a room
.dark part of a room
.dark part of a room
}shallow sea
}shallow sea
}shallow sea
}shallow sea
}shallow sea
}shallow sea
}shallow sea
}shallow sea
.dark part of a room
.dark part of a room
.dark part of a room
.dark part of a room
#tree
.dark part of a room
}shallow sea
}shallow sea
}shallow sea
}shallow sea
}shallow sea
}shallow sea
}shallow sea
unexplored area
unexplored area
stone
unexplored area
unexplored area
wall
wall
+closed door
wall
wall
#iron bars
wall
wall
+closed door
wall
wall
.dark part of a room
.dark part of a room
unexplored area
unexplored area
wall
#iron bars
wall
unexplored area
wall
}shallow sea
}shallow sea
}shallow sea
}shallow sea
}shallow sea
.dark part of a room
.dark part of a room
.dark part of a room
.dark part of a room
}shallow sea
}shallow sea
}shallow sea
.dark part of a room
.dark part of a room
.dark part of a room
.dark part of a room
}shallow sea
}shallow sea
}shallow sea
wall
wall
wall
wall
wall
}shallow sea
}shallow sea
.dark part of a room
.dark part of a room
.dark part of a room
.dark part of a room
.dark part of a room
}shallow sea
}shallow sea
}shallow sea
}shallow sea
}shallow sea
}shallow sea
}shallow sea
.dark part of a room
.dark part of a room
.dark part of a room
.dark part of a room
.dark part of a room
.dark part of a room
}shallow sea
}shallow sea
}shallow sea
}shallow sea
.dark part of a room
}shallow sea
}shallow sea
}shallow sea
}shallow sea
}shallow sea
unexplored area
unexplored area
unexplored area
unexplored area
unexplored area
unexplored area
unexplored area
unexplored area
unexplored area
unexplored area
.dark part of a room
wall
unexplored area
unexplored area
unexplored area
wall
.dark part of a room
.dark part of a room
unexplored area
unexplored area
unexplored area
.dark part of a room
wall
}shallow sea
}shallow sea
}shallow sea
}shallow sea
}shallow sea
}shallow sea
}shallow sea
}shallow sea
}shallow sea
.dark part of a room
.dark part of a room
%a berried treasure
.dark part of a room
.dark part of a room
.dark part of a room
}shallow sea
}shallow sea
}shallow sea
}shallow sea
}shallow sea
}shallow sea
wall
.dark part of a room
.dark part of a room
.dark part of a room
.dark part of a room
.dark part of a room
.dark part of a room
.dark part of a room
}shallow sea
}shallow sea
}shallow sea
}shallow sea
}shallow sea
}shallow sea
}shallow sea
}shallow sea
}shallow sea
}shallow sea
}shallow sea
}shallow sea
}shallow sea
.dark part of a room
.dark part of a room
}shallow sea
}shallow sea
}shallow sea
}shallow sea
}shallow sea
.dark part of a room
.dark part of a room
.dark part of a room
}shallow sea
}shallow sea
}shallow sea
}shallow sea
unexplored area
unexplored area
unexplored area
unexplored area
unexplored area
unexplored area
unexplored area
unexplored area
unexplored area
unexplored area
.dark part of a room
+closed door
unexplored area
unexplored area
unexplored area
wall
.dark part of a room
.dark part of a room
unexplored area
unexplored area
unexplored area
.dark part of a room
wall
}shallow sea
}shallow sea
}shallow sea
}shallow sea
}shallow sea
}shallow sea
}shallow sea
}shallow sea
}shallow sea
}shallow sea
}shallow sea
}shallow sea
.dark part of a room
.dark part of a room
%a banana
.dark part of a room
.dark part of a room
}shallow sea
}shallow sea
}shallow sea
}shallow sea
wall
.dark part of a room
.dark part of a room
.dark part of a room
wall
}shallow sea
}shallow sea
}shallow sea
}shallow sea
}shallow sea
}shallow sea
}shallow sea
}shallow sea
}shallow sea
}shallow sea
}shallow sea
.dark part of a room
}shallow sea
}shallow sea
}shallow sea
}shallow sea
}shallow sea
}shallow sea
}shallow sea
}shallow sea
wall
wall
wall
wall
.dark part of a room
}shallow sea
}shallow sea
}shallow sea
}shallow sea
}shallow sea
unexplored area
unexplored area
unexplored area
unexplored area
unexplored area
unexplored area
unexplored area
unexplored area
unexplored area
unexplored area
.dark part of a room
wall
unexplored area
unexplored area
unexplored area
#iron bars
.dark part of a room
unexplored area
unexplored area
unexplored area
unexplored area
.dark part of a room
wall
}shallow sea
}shallow sea
}shallow sea
}shallow sea
.dark part of a room
.dark part of a room
.dark part of a room
.dark part of a room
}shallow sea
}shallow sea
}shallow sea
}shallow sea
}shallow sea
}shallow sea
}shallow sea
.dark part of a room
.dark part of a room
.dark part of a room
}shallow sea
}shallow sea
.dark part of a room
.dark part of a room
.dark part of a room
unexplored area
unexplored area
wall
}shallow sea
}shallow sea
.dark part of a room
}shallow sea
}shallow sea
}shallow sea
}shallow sea
}shallow sea
}shallow sea
}shallow sea
.dark part of a room
.dark part of a room
.dark part of a room
.dark part of a room
.dark part of a room
.dark part of a room
}shallow sea
}shallow sea
}shallow sea
}shallow sea
wall
.dark part of a room
.dark part of a room
.dark part of a room
.dark part of a room
.dark part of a room
<staircase up
}shallow sea
}shallow sea
}shallow sea
unexplored area
unexplored area
unexplored area
unexplored area
unexplored area
unexplored area
unexplored area
unexplored area
unexplored area
unexplored area
.dark part of a room
wall
unexplored area
unexplored area
wall
wall
wall
unexplored area
unexplored area
unexplored area
wall
#iron bars
wall
.dark part of a room
.dark part of a room
.dark part of a room
.dark part of a room
.dark part of a room
}shallow sea
}shallow sea
}shallow sea
}shallow sea
}shallow sea
}shallow sea
}shallow sea
}shallow sea
}shallow sea
}shallow sea
}shallow sea
}shallow sea
}shallow sea
}shallow sea
}shallow sea
}shallow sea
.dark part of a room
.dark part of a room
wall
unexplored area
wall
.dark part of a room
.dark part of a room
.dark part of a room
}shallow sea
}shallow sea
}shallow sea
}shallow sea
.dark part of a room
.dark part of a room
*some stones
.dark part of a room
#tree
.dark part of a room
}shallow sea
}shallow sea
}shallow sea
}shallow sea
}shallow sea
}shallow sea
}shallow sea
.dark part of a room
.dark part of a room
.dark part of a room
^pit
wall
}shallow sea
}shallow sea
}shallow sea
}shallow sea
}shallow sea
unexplored area
unexplored area
unexplored area
unexplored area
unexplored area
unexplored area
unexplored area
unexplored area
unexplored area
unexplored area
}shallow sea
unexplored area
unexplored area
unexplored area
unexplored area
unexplored area
unexplored area
unexplored area
unexplored area
unexplored area
unexplored area
.dark part of a room
.dark part of a room
.dark part of a room
.dark part of a room
}shallow sea
}shallow sea
}shallow sea
}shallow sea
}shallow sea
}shallow sea
}shallow sea
}shallow sea
}shallow sea
}shallow sea
}shallow sea
}shallow sea
}shallow sea
}shallow sea
}shallow sea
}shallow sea
}shallow sea
}shallow sea
}shallow sea
}shallow sea
}shallow sea
}shallow sea
}shallow sea
.dark part of a room
(a leash
}shallow sea
}shallow sea
}shallow sea
.dark part of a room
.dark part of a room
.dark part of a room
.dark part of a room
.dark part of a room
}shallow sea
}shallow sea
}shallow sea
}shallow sea
}shallow sea
}shallow sea
}shallow sea
}shallow sea
}shallow sea
}shallow sea
}shallow sea
wall
wall
wall
wall
wall
}shallow sea
}shallow sea
}shallow sea
}shallow sea
}shallow sea
unexplored area
unexplored area
unexplored area
unexplored area
unexplored area
unexplored area
unexplored area
unexplored area
unexplored area
unexplored area
}shallow sea
unexplored area
unexplored area
unexplored area
unexplored area
unexplored area
unexplored area
unexplored area
unexplored area
unexplored area
}shallow sea
}shallow sea
}shallow sea
}shallow sea
}shallow sea
}shallow sea
}shallow sea
}shallow sea
}shallow sea
}shallow sea
}shallow sea
}shallow sea
}shallow sea
}shallow sea
}shallow sea
}shallow sea
}shallow sea
}shallow sea
}shallow sea
}shallow sea
}shallow sea
}shallow sea
}shallow sea
}shallow sea
}shallow sea
}shallow sea
}shallow sea
}shallow sea
}shallow sea
}shallow sea
}shallow sea
}shallow sea
}shallow sea
}shallow sea
}shallow sea
}shallow sea
}shallow sea
}shallow sea
}shallow sea
}shallow sea
}shallow sea
}shallow sea
}shallow sea
}shallow sea
}shallow sea
}shallow sea
}shallow sea
}shallow sea
}shallow sea
}shallow sea
}shallow sea
unexplored area
unexplored area
}shallow sea
}shallow sea
}shallow sea
}shallow sea
}shallow sea
}shallow sea
unexplored area
[Spontiff the Rhizotomist ] St:18/05 Dx:10 Co:18 In:9 Wi:15 Ch:16 Neutral S:6536 Dlvl:22 $:0 HP:92(97) Pw:15(15) AC:-26 Xp:2/39 T:27681

Latest messages:

The door opens.
The water troll picks up a black naga hatchling corpse.
The black naga bites!
The black naga misses!
The black naga misses!
What do you want to use or apply? [acfklostwxzDN or ?*] o
You produce a strange whistling sound.
Your water troll shifts location.
The black naga bites!
What do you want to use or apply? [acfklostwxzDN or ?*] o
You produce a strange whistling sound.
Your water troll shifts location.
You swap places with your water troll.
The water troll swings his long sword at the black naga.
The water troll hits the black naga.
The water troll hits the black naga.
The black naga is killed!
You see here a black naga corpse.
The black naga spits venom!
A splash of venom misses you.
You see here a black naga corpse.
The water troll drops a black naga hatchling corpse.
You see here a black naga hatchling corpse.
What do you want to use or apply? [acfklostwxzDN or ?*] s
In what direction? l
You hear nothing special.
What do you want to use or apply? [acfklostwxzDN or ?*] s
In what direction? n
You hear nothing special.
This door is locked.
Unlock it with your key? [ynq] (q) y
You succeed in unlocking the door.
The door opens.
What do you want to use or apply? [acfklostwxzDN or ?*] o
You produce a strange whistling sound.
Your water troll shifts location.
Medusa's gaze is reflected by your medallion.
Medusa is turned to stone!
You kill Medusa!
Welcome to experience level 2.
#oh fuck off: unknown extended command.
You descend the stairs.
What do you want to use or apply? [acfklostwxzDN or ?*] o
You produce a strange whistling sound.
Your water troll shifts location.
You climb up the stairs.
#bastard: unknown extended command.
Really quit? (yes) [no] yes
Do you want your possessions identified? [ynq] (y) y
Do you want to see the dungeon overview? [ynq] (y) q

Inventory:

Amulets

A - an uncursed amulet of reflection (being worn)

Armor

h - a blessed greased +2 dwarvish iron helm (being worn)
g - a blessed +2 pair of leather gloves (being worn)
v - an uncursed +0 pair of speed boots (being worn)
r - an uncursed +1 small shield (being worn)
q - an uncursed greased +0 robe (being worn)
u - an uncursed +0 Hawaiian shirt with a water nymph motif (being worn)
d - a blessed +2 gray dragon scale mail (being worn)

Comestibles

y - an uncursed apple
a - 8 uncursed cream pies (wielded)
n - an uncursed food ration
p - an uncursed tripe ration
i - an uncursed lizard corpse

Rings

L - an uncursed ring of fire resistance
R - an uncursed ring of free action (on right hand)
G - an uncursed ring of levitation

Wands

D - an uncursed wand of digging (0:6)
N - an uncursed wand of striking (0:4)

Tools

f - a blessed greased bag of holding containing 74 items
z - an uncursed leash
o - an uncursed magic whistle
w - an uncursed mirror
x - an uncursed oil lamp
k - an uncursed skeleton key
s - an uncursed stethoscope
t - an uncursed towel named CoPoSh SITy
c - a blessed +0 unicorn horn

Gems/Stones

E - 3 uncursed rubies
l - a blessed luckstone

Contents of the bag of holding:

1571 gold pieces
a cursed amulet of guarding
an uncursed +0 cloak of invisibility
an uncursed +0 mummy wrapping
14 uncursed food rations
2 uncursed lembas wafers
4 uncursed tripe rations
4 uncursed lizard corpses
5 blessed scrolls of blank paper
16 uncursed scrolls of blank paper
3 cursed scrolls of blank paper
an uncursed scroll of charging
a cursed scroll of create monster
a blessed scroll of earth
3 uncursed scrolls of earth
a blessed scroll of identify
4 uncursed scrolls of identify
a blessed scroll of stinking cloud
2 uncursed scrolls of stinking cloud
an uncursed scroll of teleportation
2 uncursed scrolls of teleportation
a cursed scroll of teleportation
9 cursed scrolls of teleportation
a blessed spellbook of healing
an uncursed potion of acid
a cursed diluted potion of extra healing
a blessed potion of full healing
an uncursed potion of healing
a cursed potion of paralysis
an uncursed potion of see invisible
a cursed potion of speed
6 potions of holy water
an uncursed potion of water
4 potions of unholy water
an uncursed ring of poison resistance
an uncursed ring of polymorph
an uncursed ring of polymorph control
an uncursed ring of see invisible
an uncursed ring of teleport control
an uncursed ring of teleportation
an uncursed wand of cold (0:6)
an uncursed wand of create monster (0:11)
an uncursed wand of create monster (0:11)
an uncursed wand of digging (0:8)
an uncursed wand of digging (0:5)
an uncursed wand of enlightenment (0:11)
an uncursed wand of lightning (0:6)
an uncursed wand of locking (0:7)
an uncursed wand of make invisible (0:5)
an uncursed wand of secret door detection (0:14)
an uncursed wand of secret door detection (0:14)
an uncursed wand of sleep (0:0)
an uncursed wand of speed monster (0:6)
an uncursed wand of striking (0:5)
an uncursed wand of striking named empty (0:0)
an uncursed wand of teleportation (0:4)
an empty uncursed sack
a cursed brass lantern
an uncursed can of grease (0:3)
an uncursed expensive camera (0:60)
an uncursed magic marker (0:54)
an uncursed oil lamp
an uncursed +0 pick-axe
7 uncursed tallow candles
an uncursed +0 unicorn horn
an uncursed amber stone
4 uncursed amethyst stones
an uncursed chrysoberyl stone
3 uncursed diamonds
5 uncursed emeralds
an uncursed garnet stone
an uncursed obsidian stone
an uncursed worthless piece of black glass
2 uncursed worthless pieces of orange glass

Spontiff the Healer's attributes:


Background:

You were a Rhizotomist, a level 2 male gnomish Healer.
You were neutral, on a mission for Hermes
who was opposed by Athena (lawful) and Poseidon (chaotic).
You were in the Dungeons of Doom, on level 22.
You entered the dungeon 27681 turns ago.
You had 39 experience points, 1 more was needed to attain level 3.
Your score was 6536 before end-of-game adjustments.

Basics:

You had 92 out of 97 hit points.
You had all 15 energy points (spell power).
Your armor class was -26.
Your wallet was empty.
Autopickup was on for '$!/="?' plus thrown, with exceptions.

Final Characteristics:

Your strength was 18/05 (limit:18/50).
Your dexterity was 10 (limit:18).
Your constitution was 18 (limit:18).
Your intelligence was 9 (limit:19).
Your wisdom was 15 (limit:18).
Your charisma was 16 (limit:18).

Final Status:

You were not hungry.
You were unencumbered.
You were wielding some food.

Final Attributes:

You were piously aligned.
You were magic-protected.
You were cold resistant.
You were shock resistant.
You were poison resistant.
You saw invisible.
You were telepathic.
You had infravision.
You had a large defense bonus (+13).
You were guarded.
You were very fast.
You had reflection.
You had free action.
You were very lucky.
You had extra luck.
Good luck did not time out for you.
You survived.

Miscellaneous:
You never encountered a bones level.
Total elapsed playing time was 13 hours, 22 minutes and 50 seconds.

Major events:

Turn

1: spontiff the neutral male gnomish Healer entered the dungeon
2112: entered the Gnomish Mines
2576: reached Mine Town
5719: entered Sokoban
5982: completed 1st Sokoban level
6741: completed 2nd Sokoban level
7149: completed 3rd Sokoban level
8160: completed 4th Sokoban level
10188: made his first wish - "blessed +2 gray dragon scale mail", got "a gray dragon scale mail"
11423: killed the Oracle
14693: acquired the Mines' End luckstone
16944: acquired the Sokoban amulet of reflection
24465: stole 1 zorkmid worth of merchandise from Kopasker's general store
27679: killed Medusa
27681: quit

Vanquished creatures:

Medusa
a gold dragon
a silver dragon
a white dragon
a blue dragon
a yellow dragon
2 baby yellow dragons
9 shopkeepers
the Oracle
2 aligned clerics
a watch captain
2 ghosts
a queen bee
3 giant mimics
an ogre tyrant
an ice troll
3 large mimics
a black naga
a water demon
a warg
17 small mimics
a glass piercer
a xan
an ogre leader
a quantum mechanic
5 trolls
a wood golem
a shark
a large dog
a gargoyle
a dwarf ruler
an ochre jelly
an elf mummy
a human mummy
4 pythons
4 pit vipers
2 cobras
a Grey-elf
4 watchmen
a crocodile
5 giant beetles
3 quivering blobs
a wolf
a winter wolf cub
a gremlin
5 leprechauns
2 orc-captains
a mumak
2 giant spiders
2 scorpions
a horse
an ice vortex
2 vampire bats
7 forest centaurs
3 gnome rulers
2 orc mummies
3 dwarf mummies
a rust monster
2 owlbears
a yeti
2 werewolves
2 giant eels
8 lizards
2 dogs
2 housecats
3 jaguars
3 dwarf leaders
3 white unicorns
a black unicorn
a raven
3 plains centaurs
3 gnome mummies
10 snakes
4 water moccasins
a human zombie
4 rope golems
7 soldier ants
17 bugbears
5 imps
5 wood nymphs
4 water nymphs
a mountain nymph
3 Mordor orcs
an Uruk-hai
2 orc shamans
10 rock piercers
5 rock moles
5 ponies
5 fog clouds
7 yellow lights
4 shriekers
a violet fungus
11 gnome leaders
3 gnomish wizards
2 Kop Lieutenants
4 kobold mummies
3 black naga hatchlings
6 gray oozes
4 elf zombies
a straw golem
6 paper golems
a jellyfish
7 giant ants
a little dog
10 floating eyes
6 kittens
25 dwarves
10 homunculi
4 kobold leaders
4 kobold shamans
13 hill orcs
11 rothes
13 rabid rats
5 centipedes
4 giant bats
6 Kop Sergeants
a monkey
7 orc zombies
7 dwarf zombies
3 wererats
13 iguanas
9 killer bees
10 acid blobs
13 coyotes
2 gas spores
14 hobbits
4 manes
2 large kobolds
23 hobgoblins
14 giant rats
13 cave spiders
a brown mold
4 yellow molds
4 green molds
3 red molds
33 gnomes
15 Keystone Kops
4 garter snakes
6 gnome zombies
20 geckos
31 jackals
5 foxes
6 kobolds
16 goblins
6 sewer rats
31 grid bugs
6 bats
29 lichens
2 kobold zombies
36 newts
818 creatures vanquished.
No species were genocided or became extinct.

Voluntary challenges:

You never hit with a wielded weapon.
You read items or engraved 29 times.
You never engraved Elbereth.
You never genocided any monsters.
You never polymorphed an object.
You never changed form.
You used 1 wish.
You did not wish for any artifacts.
You did not violate any of the special Sokoban rules.

Achievements:

You entered a shop.
You entered the Gnomish Mines.
You entered Minetown.
You entered a temple.
You entered Sokoban.
You completed the Gnomish Mines.
You completed Sokoban.
You defeated Medusa.

The Dungeons of Doom: levels 1 to 23

   Level 1:
Level 2:
An untended shop.
Level 3:
Stairs down to The Gnomish Mines.
Level 4:
An untended shop.
Level 5:
An untended shop, a sink.
Level 6:
Oracle of Delphi.
Level 7: "Pools"
A general store.
Stairs up to Sokoban, level 6.
Level 8: "Stash; Pools"
An altar to Hermes.
Level 9:
Some shops, some fountains.
Level 10:
An untended shop, an altar, a fountain, a sink.
Level 11:
A fountain.
Level 12:
Level 13:
An altar.
Summoned by Hippocrates.
Portal to The Quest.
Level 14:
An altar.
Level 15:
A fountain.
Level 16:
A primitive area.
Level 17:
Level 18:
Some fountains.
Level 19:
A temple to Hermes, a fountain.
Level 20:
An altar, a sink.
Level 21:
Some fountains.
Level 22: <- You were here.
A fountain, many trees.
Level 23:

The Gnomish Mines: levels 4 to 11

   Level 4: "magic trap"
Level 5:
Level 6:
Many shops, a temple to Hermes.
Level 7: "magic trap"
Level 8: "Polytrap"
Level 9:
Level 10:
Level 11: "magic traps"

The Quest:

   Level 1: "magic trap"
An altar to Hermes.
Home.

Sokoban: levels 6 up to 3

   Level 3:
Solved.
Level 4:
Solved.
Level 5:
Solved.
Level 6:
Solved.

Goodbye spontiff the Healer...


You quit in The Dungeons of Doom on dungeon level 22 with 6536 points,
and 1571 pieces of gold, after 27681 moves.
You were level 2 with a maximum of 97 hit points when you quit.